 Dungeon Crawl Stone Soup version 0.17-a0-776-gd86b262 (webtiles) character file.

3224 nubinia the Merchant of Misery (level 9, 63/72 HPs)
             Began as a Hill Orc Necromancer on Apr 24, 2015.
             Was a Believer of Kikubaaqudgha.
             Quit the game on level 7 of the Dungeon.
             The game lasted 00:57:33 (9793 turns).

nubinia the Merchant of Misery (HONe)               Turns: 9793, Time: 00:57:33

Health: 63/72      AC: 11    Str: 10    XL:     9   Next: 98%
Magic:  14/15      EV: 14    Int: 16    God:    Kikubaaqudgha [**....]
Gold:   222        SH:  0    Dex: 17    Spells: 6 memorised, 3 levels left

rFire  . . .     SeeInvis .     a - +2 whip (freeze)
rCold  . . .     Rnd*Rage +     A - +0 leather armour
rNeg   . . .     SustAb   .     (no shield)
rPois  .         Gourm    .     y - +0 helmet
rElec  .         Spirit   .     (no cloak)
rCorr  .         Warding  .     n - +0 pair of gloves
rMut   .         Stasis   .     e - +1 pair of boots
MR     .....                    (no amulet)
Stlth  ++........               z - ring of flight
                                u - +5 ring of dexterity

@: flying, not resistant to hostile enchantments, unstealthy
A: slimy green scales 1, berserk 1, deterioration 1, low mp 1, shaggy fur 1,
weak 1, wild magic 1
a: Receive Corpses, Renounce Religion


You were on level 7 of the Dungeon.
You worshipped Kikubaaqudgha.
Kikubaaqudgha was pleased with you.
You were not hungry.

You visited 2 branches of the dungeon, and saw 8 of its levels.

You collected 222 gold pieces.

Inventory:

Hand weapons
 a - a +2 whip of freezing (weapon)
 b - a +0 blowgun
 d - a +0 hand axe
 f - a +0 short sword
 i - a +0 club
 m - a +3 dagger
 o - a +0 falchion of slicing
 r - a +0 mace
Missiles
 D - 5 curare-tipped needles
 N - 38 poisoned needles
Armour
 e - a +1 pair of boots (worn)
 n - a +0 pair of gloves (worn)
 y - a +0 helmet (worn)
 A - a +0 leather armour (worn)
 J - a +0 robe
Jewellery
 u - a +5 ring of dexterity (left hand)
 z - a ring of flight (right hand)
 C - an uncursed ring of poison resistance
 F - a +6 ring of dexterity
 K - an uncursed ring of ice
Magical devices
 g - a wand of draining (6)
 h - a wand of digging (4)
Scrolls
 k - a scroll of immolation
 p - 2 scrolls of magic mapping
 E - a scroll of fear
 M - 2 scrolls of teleportation
Potions
 j - a potion of berserk rage
 l - a potion of cancellation
 q - a potion of flight
 s - a potion of heal wounds {unknown}
 t - a potion of agility
 w - 4 potions of brilliance
 x - 3 potions of restore abilities
 P - a potion of curing {unknown}
Books
 B - a book of Necromancy

   Spells                             Type                      Level
   a - Pain                           Necromancy                   1
   b - Animate Skeleton               Necromancy                   1
   c - Vampiric Draining              Necromancy                   3
   d - Regeneration                   Charms/Necromancy            3
   e - Animate Dead                   Necromancy                   4
   f - Control Undead                 Necromancy                   4
 G - Sif Muna's Handbook of the Escort
   (You found it on level 5 of the Dungeon)

   Spells                             Type                      Level
   a - Summon Small Mammal            Summoning                    1
 H - Kikubaaqudgha's Collected Works on Unholy Rituals
   (Kikubaaqudgha gifted it to you on level 4 of the Dungeon)

   Spells                             Type                      Level
   a - Pain                           Necromancy                   1
   b - Corpse Rot                     Necromancy                   2
   c - Sublimation of Blood           Necromancy                   2
   d - Regeneration                   Charms/Necromancy            3
   e - Control Undead                 Necromancy                   4
Comestibles
 c - 4 bread rations
 I - 2 meat rations
 L - 3 fruits
 O - a chunk of flesh


   Skills:
 + Level 4.7 Fighting
 + Level 2.7(4.1) Axes
 + Level 3.7(4.1) Maces & Flails
 + Level 1.2 Throwing
 + Level 5.2 Armour
 + Level 4.3 Dodging
 + Level 3.0 Stealth
 + Level 5.5 Spellcasting
 + Level 7.6 Necromancy


You had 3 spell levels left.
You knew the following spells:

 Your Spells              Type           Power        Failure   Level  Hunger
a - Pain                  Necr           ####         3%          1    None
b - Vampiric Draining     Necr           #####.....   7%          3    ###....
c - Control Undead        Necr           #####.....   19%         4    ####...
d - Regeneration          Chrm/Necr      ###.......   26%         3    ###....
D - Animate Dead          Necr           N/A          19%         4    ####...
S - Animate Skeleton      Necr           N/A          3%          1    None


Dungeon Overview and Level Annotations

Branches:
Dungeon (7/15)             Temple (1/1) D:5

Altars:
Ashenzari
Cheibriados
Dithmenos
Elyvilon
Fedhas
Gozag
Kikubaaqudgha
Makhleb
Okawaru
Ru
Sif Muna
Trog
Vehumet
Xom
Yredelemnul
Zin
The Shining One

Annotations:
D:4 quik's ghost, average DrIE


Innate Abilities, Weirdness & Mutations

You are partially covered in slimy green scales (AC +2).
You tend to lose your temper in combat.
Your body is slowly deteriorating.
Your magical capacity is low (-10% MP).
You are covered in fur (AC +1).
You are weak. (Str -2)
Your spells are a little harder to cast, but a little more powerful.


Message History

It was a potion of mutation.
You feel extremely strange.
You feel less in control of your magic. Fur sprouts all over your body.
You feel yourself wasting away.
Drink which item? (? for menu, Esc to quit)
It was a potion of flight.
You feel very buoyant.
You fly up into the air.
You are feeling hungry.
Eat one of 2 chunks of flesh? (ye/n/q/i?) This raw flesh tastes terrible.
You continue eating. x2
Drink which item? (? for menu, Esc to quit)
You feel extremely strange.
You feel less energetic.
Slimy green scales grow over part of your body.
You feel weaker.
Drink which item? (? for menu, Esc to quit)
You feel extremely strange.
You feel a little pissed off.
Are you sure you want to abandon this character and quit the game? (Confirm with "yes".)

.## #..#
#.##.###.##.#.#.# ..#
#.## #.#.## ##...#.#.#
..# #.#
#.#..###.####.#.# ..#
#.# #.#.#.#.## #..#.#
#.# #.#
#.#.##.#####.##.# #.####
#.######.#.............#
.......
#.......Z)...####.#.####
......
.#####ZZZ..........#
#.#### ##@########..##
..# #.# #..# ..# #..
#..# ..# #### #..# ....
##..## #..# #.. .... #.#
..#


You could see a friendly kobold zombie, 2 friendly orc zombies and a friendly
orc skeleton.

Vanquished Creatures
  Pikel (D:4)
  A cyclops (D:6)
  Sigmund (D:3)
  4 yaks
  An ice beast (D:5)
  A phantom (D:7)
  2 slaves (D:5)
  2 centaurs
  A sky beast (D:5)
  A necrophage (D:6)
  An ogre (D:6)
  A giant frog (D:7)
  A gnoll sergeant (D:4)
  2 hounds
  2 jellies
  6 orc wizards
  An orc priest (D:3)
  Ijyb (D:3)
  A giant frog skeleton (D:5)
  4 worker ants
  Terence (D:3)
  Robin (D:3)
  5 adders
  A shadow imp (D:5)
  An ooze (D:1)
  An adder skeleton (D:4)
  3 worms
  A giant gecko (D:5)
  15 orcs
  10 bats
  A bat skeleton (D:6)
  5 giant cockroaches
  15 goblins
  15 hobgoblins
  9 jackals
  11 kobolds
  4 quokkas
  A ball python skeleton (D:4)
  A giant gecko skeleton (D:5)
  A giant gecko zombie (D:5)
  5 giant newts
  A jackal skeleton (D:3)
  14 rats
  9 ballistomycetes (D:6)
166 creatures vanquished.

Vanquished Creatures (collateral kills)
  A yak (D:6)
  A crimson imp (D:5)
  A hound (D:6)
  An iguana (D:7)
  A worker ant (D:4)
  3 adders
  A shadow imp (D:7)
  An orc (D:6)
  A bat (D:3)
  3 giant cockroaches
  4 goblins
  2 hobgoblins (D:1)
  4 jackals
  A ballistomycete (D:6)
25 creatures vanquished.

Vanquished Creatures (others)
  A slave (D:4)
  The ghost of Lokkij the Poker, an average VSWr (D:3)
  An orc wizard (D:5)
  2 gnolls (D:4)
  2 giant spores
7 creatures vanquished.

Grand Total: 198 creatures vanquished

Notes
Turn   | Place    | Note
--------------------------------------------------------------
     0 | D:1      | nubinia, the Hill Orc Necromancer, began the quest for the Orb.
     0 | D:1      | Reached XP level 1. HP: 14/14 MP: 3/3
   320 | D:1      | Learned a level 1 spell: Animate Skeleton
   496 | D:1      | Reached XP level 2. HP: 14/20 MP: 1/4
  1095 | D:1      | Reached XP level 3. HP: 26/26 MP: 5/5
  1791 | D:2      | Learned a level 3 spell: Vampiric Draining
  1990 | D:2      | Found an opulent altar of Gozag.
  1992 | D:2      | Found a sacrificial altar of Ru.
  2171 | D:2      | Noticed a moth of wrath
  2173 | D:2      | Found a bloodstained altar of Trog.
  2250 | D:2      | Reached XP level 4. HP: 33/33 MP: 7/7
  3253 | D:3      | Noticed Ijyb
  3376 | D:3      | Noticed Robin
  3384 | D:3      | Killed Robin
  3394 | D:3      | Killed Lokkij's ghost
  3430 | D:3      | Killed Ijyb
  3430 | D:3      | Reached XP level 5. HP: 26/38 MP: 4/9
  3464 | D:3      | Learned a level 4 spell: Control Undead
  3481 | D:3      | Noticed Terence
  3494 | D:3      | Killed Terence
  3494 | D:3      | Reached skill level 5 in Necromancy
  3588 | D:3      | Your ally Ijyb died
  3638 | D:3      | Noticed Sigmund
  3722 | D:3      | Reached skill level 1 in Maces & Flails
  3843 | D:3      | Found a radiant altar of Vehumet.
  4426 | D:4      | Reached skill level 1 in Fighting
  4426 | D:4      | Reached XP level 6. HP: 39/47 MP: 10/10
  4496 | D:4      | Noticed a slave
  4496 | D:4      | Noticed a slave
  4497 | D:4      | Noticed Pikel
  4497 | D:4      | Noticed a slave
  4498 | D:4      | Noticed a slave
  4528 | D:5      | Entered Level 5 of the Dungeon
  4535 | D:5      | Killed a slave
  4538 | D:5      | Killed a slave
  4751 | D:5      | Found a staircase to the Ecumenical Temple.
  4757 | Temple   | Entered the Ecumenical Temple
  4799 | Temple   | Became a worshipper of Kikubaaqudgha
  5475 | D:5      | Found an iron altar of Okawaru.
  5625 | D:4      | Reached skill level 1 in Armour
  5745 | D:4      | Killed Pikel
  5745 | D:4      | Acquired Kikubaaqudgha's first power
  5745 | D:4      | Received a gift from Kikubaaqudgha
  5745 | D:4      | Reached XP level 7. HP: 29/56 MP: 4/12
  5746 | D:4      | Identified Kikubaaqudgha's Collected Works on Unholy Rituals (Kikubaaqudgha gifted it to you on level 4 of the Dungeon)
  5868 | D:4      | Your ally Pikel died
  5885 | D:4      | Killed a freed slave
  6016 | D:4      | Reached XP level 8. HP: 55/62 MP: 13/13
  6389 | D:4      | Noticed quik's ghost (average DrIE)
  6425 | D:3      | Learned a level 4 spell: Animate Dead
  6505 | D:3      | Killed Sigmund
  6673 | D:3      | Your ally Sigmund died
  7150 | D:5      | Reached skill level 6 in Necromancy
  7245 | D:5      | Found a deep blue altar of Sif Muna.
  7278 | D:5      | Identified Sif Muna's Handbook of the Escort
  8248 | D:6      | Noticed a yak
  8260 | D:6      | Noticed a yak
  8271 | D:6      | Reached XP level 9. HP: 46/71 MP: 8/15
  8282 | D:6      | Noticed a yak
  8282 | D:6      | Killed a yak
  8286 | D:6      | Noticed a yak
  8287 | D:6      | Noticed a yak
  8332 | D:5      | Killed a yak
  8525 | D:6      | Noticed a cyclops
  8560 | D:6      | Learned a level 3 spell: Regeneration
  8578 | D:6      | Killed a cyclops
  8578 | D:6      | Reached skill level 1 in Throwing
  8578 | D:6      | Reached skill level 7 in Necromancy
  9001 | D:6      | Reached skill level 5 in Armour
  9134 | D:7      | Noticed a hill giant
  9179 | D:6      | Killed a yak
  9179 | D:6      | Reached skill level 5 in Spellcasting
  9201 | D:6      | Killed a yak
  9205 | D:6      | Killed a yak
  9767 | D:7      | Acquired Kikubaaqudgha's second power
  9785 | D:7      | Gained mutation: Your spells are a little harder to cast, but a little more powerful. [potion of mutation]
  9785 | D:7      | Gained mutation: You are covered in fur (AC +1). [potion of mutation]
  9785 | D:7      | Gained mutation: Your body is slowly deteriorating. [potion of mutation]
  9791 | D:7      | Gained mutation: Your magical capacity is low (-10% MP). [potion of mutation]
  9791 | D:7      | Gained mutation: You are partially covered in slimy green scales (AC +2). [potion of mutation]
  9791 | D:7      | Gained mutation: You are weak. (Str -2) [potion of mutation]
  9792 | D:7      | Gained mutation: You tend to lose your temper in combat. [potion of mutation]
  9793 | D:7      | Quit the game

Action                   |  1- 3 |  4- 6 |  7- 9 || total
-------------------------+-------+-------+-------++-------
Melee: Short sword       |    20 |       |       ||    20
       Unarmed           |     4 |     1 |       ||     5
       Club              |    53 |    31 |       ||    84
       Mace              |       |   171 |       ||   171
       Hand axe          |       |    65 |    15 ||    80
       Whip              |       |       |   382 ||   382
 Fire: Blowgun           |       |     2 |     9 ||    11
 Cast: Pain              |    38 |    20 |    20 ||    78
       Animate Skeleton  |    20 |    25 |    11 ||    56
       Vampiric Draining |       |    15 |    21 ||    36
       Animate Dead      |       |       |    11 ||    11
       Regeneration      |       |       |     2 ||     2
       Control Undead    |       |       |     1 ||     1
 Abil: Evoke Flight      |       |       |     1 ||     1
  Use: Scroll            |     2 |     4 |    11 ||    17
       Potion            |       |     1 |     6 ||     7
 Stab: Sleeping          |       |     4 |     2 ||     6
       Distracted        |       |       |     1 ||     1
  Eat: Chunk             |     5 |    10 |    16 ||    31
       Meat ration       |       |     1 |       ||     1
       Fruit             |       |       |     1 ||     1
       Beef jerky        |       |       |     1 ||     1
